 Dungeon Crawl Stone Soup version 0.32-a0-818-gb728d0252e (webtiles) character file.

Game seed: 12915550724998322268

1014 Nvm9 the Trooper (level 8, -4/64 HPs)
             Began as a Demonspawn Fighter on Mar 24, 2024.
             Slain by a vampire (6 damage)
             ... on level 5 of the Dungeon.
             The game lasted 00:08:51 (3948 turns).

Nvm9 the Trooper (Demonspawn Fighter)               Turns: 3948, Time: 00:08:52

Health: -4/64      AC: 10    Str: 20    XL:     8   Next: 1%
Magic:  8/8        EV:  8    Int:  8    God:
Gold:   127        SH:  0    Dex: 12    Spells: 7/7 levels left

rFire   . . .        d - +2 flail (drain)
rCold   . . .        c - +0 buckler
rNeg    . . .        b - +0 scale mail
rPois   .            (helmet restricted)
rElec   .            (no cloak)
rCorr   .            (no gloves)
SInv    .            (no boots)
Will    .....        (no amulet) Stlth
                     (no ring)
HPRegen 0.30/turn    (no ring)
MPRegen 0.11/turn

%: no passive effects
@: confused, brilliant, hasted, studying Maces & Flails, very quick
A: horns 2, icy blue scales 2, condensation shield
a: no special abilities


You were on level 5 of the Dungeon.
You visited 1 branch of the dungeon, and saw 5 of its levels.

You collected 127 gold pieces.

Inventory:

Hand Weapons
 a - a +0 war axe
 d - a +2 flail of draining (weapon)
 h - a +1 whip
Missiles
 m - 6 poisoned darts (quivered)
Armour
 b - a +0 scale mail (worn)
 c - a +0 buckler (worn)
Scrolls
 f - a scroll of identify
 g - 2 scrolls of enchant armour
 i - a scroll of amnesia
 n - a scroll of enchant weapon
Potions
 e - 2 potions of brilliance


   Skills:
 * Level 6.1 Fighting
 - Level 2.6(4.4) Axes
 * Level 5.4(5.8) Maces & Flails
 * Level 5.5 Armour
 * Level 3.3 Shields


You had 7 spell levels left.
You didn't know any spells.
Your spell library contained the following spells:

 Spells                   Type           Power      Damage    Failure   Level
 Shock                    Conj/Air       0%         1d3       82%         1
 Sting                    Conj/Alch      0%         1d3       82%         1
 Call Imp                 Summ           0%         N/A       91%         2
 Mercury Vapours          Alch/Air       0%         N/A       91%         2
 Sublimation of Blood     Necr           0%         N/A       91%         2
 Swiftness                Air            0%         N/A       99%         3
 Airstrike                Air            0%         2d(0-16)  100%        4
 Olgreb's Toxic Radiance  Alch           0%         N/A       100%        4
 Summon Hydra             Summ           0%         N/A       100%        7


Dungeon Overview and Level Annotations

Branches:
Dungeon (5/15)
 Temple: D:4-7

Altars:

Annotations:
D:3 Pargi


Innate Abilities, Weirdness & Mutations

You have a pair of horns on your head.
You are mostly covered in icy blue scales. (AC +3)
A meltable shield of frost defends you. (SH +4)


Message History

Something draws strength from your injuries!
It was a potion of ambrosia.
You are more confused.
You feel invigorated. Something hits you but does no damage.
Something bites you.
* * * LOW HITPOINT WARNING * * *
Something draws strength from your injuries!
You feel clever all of a sudden. Something completely misses you.
Something bites you.
* * * LOW HITPOINT WARNING * * *
Something draws strength from your injuries!
It was a potion of haste.
You feel yourself speed up. Something hits you.
* * * LOW HITPOINT WARNING * * *
Something bites you but does no damage.
You bump into the rock wall.
Something hits you but does no damage. Something bites you but does no damage.
You closely miss something. Something hits you but does no damage.
Something bites you.
* * * LOW HITPOINT WARNING * * *
Something draws strength from your injuries!
You bump into the rock wall.
You feel less invigorated.
You closely miss something. Something hits you but does no damage.
Something bites you!
* * * LOW HITPOINT WARNING * * *
Something draws strength from your injuries!
You're too confused to move!
You hear some strange, mumbled words.
You are more confused.
You bump into the rock wall.
You hear some strange, mumbled words.
Something tries to affect you, but you resist.
Okay, then.
You are too confused!
You bump into the rock wall.
You're too confused to move!
Something hits you but does no damage. Something bites you.
* * * LOW HITPOINT WARNING * * *
Something draws strength from your injuries!
You hit something but do no damage. Something hits you.
You die...

#.# #.# .. #.# .
#.## .## #..# ..#
##.# #># #.#
#[##.####.# #.#
#.....{@!.# #.#
####.####.#######.#
#.........#
#.######### ...#
#####


There were no monsters in sight!

Vanquished Creatures
  Edmund (D:4)
  Menkaure (D:5)
  An ogre (D:4)
  A phantom (D:4)
  A bullfrog (D:4)
  4 scorpions
  A bombardier beetle (D:4)
  A hound (D:4)
  An orc priest (D:4)
  An iguana (D:4)
  A sleepcap (D:4)
  An orc wizard (D:4)
  4 adders
  A gnoll (D:1)
  3 ribbon worms (D:2)
  2 dart slugs
  5 orcs (D:4)
  9 ball pythons
  4 bats
  6 endoplasms
  2 giant cockroaches
  6 goblins
  8 hobgoblins
  A jackal (D:4)
  4 quokkas
  6 frilled lizards
  6 kobolds
  9 rats
91 creatures vanquished.

Notes
Turn   | Place    | Note
-------+----------+-------------------------------------------
     0 | D:1      | Nvm9 the Demonspawn Fighter began the quest for the Orb.
     0 | D:1      | Reached XP level 1. HP: 18/18 MP: 1/1
   142 | D:1      | Gained mutation: You are partially covered in icy blue
                  | scales. (AC +2) [demonic ancestry]
   142 | D:1      | Reached XP level 2. HP: 23/24 MP: 2/2
   460 | D:1      | Found a faded altar of an unknown god.
   943 | D:2      | Gained mutation: A meltable shield of frost defends you.
                  | (SH +4) [demonic ancestry]
   943 | D:2      | Reached XP level 3. HP: 29/29 MP: 3/3
  1659 | D:2      | Reached XP level 4. HP: 34/37 MP: 4/4
  1769 | D:3      | Noticed a scorpion
  1825 | D:2      | Killed a scorpion
  1826 | D:2      | Reached skill level 4 in Fighting
  1826 | D:2      | Gained mutation: You have a pair of small horns on your
                  | head. [demonic ancestry]
  1826 | D:2      | Reached XP level 5. HP: 11/42 MP: 5/5
  2018 | D:3      | Identified a scroll of acquirement
  2018 | D:3      | Acquired a manual of Maces & Flails
  2056 | D:3      | Noticed Pargi
  2429 | D:4      | Reached skill level 1 in Maces & Flails
  2876 | D:4      | Gained mutation: You are mostly covered in icy blue scales.
                  | (AC +3) [demonic ancestry]
  2876 | D:4      | Reached XP level 6. HP: 27/49 MP: 6/6
  3068 | D:4      | Noticed Edmund
  3073 | D:4      | Reached skill level 5 in Fighting
  3081 | D:4      | Killed Edmund
  3082 | D:4      | Reached XP level 7. HP: 33/56 MP: 7/7
  3135 | D:4      | Reached skill level 5 in Armour
  3480 | D:4      | Reached skill level 5 in Maces & Flails
  3757 | D:5      | Entered Level 5 of the Dungeon
  3757 | D:5      | Noticed Menkaure
  3768 | D:5      | Killed Menkaure
  3769 | D:5      | Reached skill level 6 in Fighting
  3769 | D:5      | Gained mutation: You have a pair of horns on your head.
                  | [demonic ancestry]
  3769 | D:5      | Reached XP level 8. HP: 25/64 MP: 8/8
  3947 | D:5      | HP: 2/64 [something (5)]
  3948 | D:5      | Slain by a vampire

Illustrated notes

Levels and vault maps discovered:
D:1:      scummos_arrival_gate, layout_basic, basic_ecumenical_altar,
          amcnicky_mini_rare_corridor_liquid, st_stairs_3,
          minmay_misc_feat_room, minmay_misc_feat_hallway
D:2:      layout_basic
D:3:      layout_basic, kennysheep_generic_room_5, uniq_terence, uniq_pargi,
          uniq_grinder, uniq_sigmund
D:4:      minmay_recursive_quarters, layout_loops_ring, minmay_close_crescents,
          uniq_edmund
D:5:      layout_loops_ring, uniq_pikel, uniq_menkaure

Skill      XL: |  1  2  3  4  5  6  7 |
---------------+----------------------+-----
Axes           | 2 |  2.6
Armour         | 3 4 5 |  5.5
Fighting       | 4 5 6 |  6.1
Maces & Flails | 2 3 5 |  5.4
Shields        | 3 |  3.3

Action                     |  1- 3 |  4- 6 |  7- 9 || total
---------------------------+-------+-------+-------++-------
  Melee: War axe           |   153 |    34 |       ||   187
         Whip              |       |   131 |       ||   131
         Headbutt          |       |    23 |     7 ||    30
         Flail             |       |       |    61 ||    61
  Throw: Dart              |       |     5 |       ||     5
    Use: Potion            |       |    10 |     4 ||    14
         Scroll            |       |     8 |     1 ||     9
 Armour: Scale mail        |   118 |   150 |    60 ||   328
  Dodge: Dodged            |    57 |    50 |    13 ||   120
  Block: Buckler           |    59 |    85 |    18 ||   162

Table legend: (Time is in decaauts)
 A = Elapsed time spent in this place.
 B = Non-inter-level travel time spent in this place.
 C = Inter-level travel time spent in this place.
 D = Time resting spent in this place.
 E = Time spent auto-exploring this place.
 F = Levels seen in this place.
 G = Mean time per level.
                   A        B        C        D        E       F      G
               +--------+--------+--------+--------+--------+-----+--------+
         Total |   4036 |   3800 |    236 |    635 |   2157 |   5 |  807.2 |
       Dungeon |   4036 |   3800 |    236 |    635 |   2157 |   5 |  807.2 |
               +--------+--------+--------+--------+--------+-----+--------+

Top non-repeatable levels by time:
     D:4: 1354 daAuts
     D:2: 1146 daAuts
     D:1: 966 daAuts
     D:3: 377 daAuts
     D:5: 191 daAuts
